 Dungeon Crawl Stone Soup version 0.27-a0-416-gca2cecf3c0 (webtiles) character file.

Game seed: 17340732996300773672

112 rageheart7 the Skirmisher (level 4, 0/38 HPs)
             Began as a Demonspawn Monk on Feb 24, 2021.
             Slain by Grinder (9 damage)
             ... on level 3 of the Dungeon.
             The game lasted 00:03:15 (3250 turns).

rageheart7 the Skirmisher (Demonspawn Monk)         Turns: 3250, Time: 00:03:16

Health: 0/38       AC:  4    Str: 12    XL:     4   Next: 64%
Magic:  4/4        EV: 14    Int: 11    God:
Gold:   145        SH:  0    Dex: 16    Spells: 3/3 levels left

rFire    . . .     SeeInvis .   a - +0 falchion
rCold    . . .     Faith    +   (no shield)
rNeg     . . .     Spirit   .   b - +0 robe
rPois    .         Reflect  .   (no helmet)
rElec    .         Harm     .   (no cloak)
rCorr    .         Rampage  .   (no gloves)
Will     .....                  (no boots)
Stlth    ++........             k - amulet of faith
HPRegen  0.12/turn              (no ring)
MPRegen  0.09/turn              (no ring)

@: no status effects
A: yellow scales 1, ignite blood 1
a: no special abilities


You were on level 3 of the Dungeon.
You visited 1 branch of the dungeon, and saw 4 of its levels.

You collected 145 gold pieces.

Inventory:

Hand Weapons
 a - a +0 falchion (weapon)
Armour
 b - a +0 robe (worn)
Jewellery
 k - an amulet of faith (around neck)
 n - a ring of positive energy
Scrolls
 e - a scroll of immolation {unknown}
 g - 4 scrolls of identify {unknown}
 h - 4 scrolls of enchant armour {unknown}
 i - a scroll of amnesia {unknown}
 j - a scroll of enchant weapon {unknown}
 q - a scroll of fog {unknown}
Potions
 d - a potion of mutation {unknown}
 l - 2 potions of resistance
 p - a potion of ambrosia {unknown}


   Skills:
 + Level 4.3 Fighting
 - Level 3.0 Long Blades
 + Level 3.6 Dodging
 - Level 2.0 Stealth


You had 3 spell levels left.
You didn't know any spells.
Your spell library contained the following spells:

 Spells                   Type           Power        Failure   Level
 Apportation              Tloc           0%           34%         1


Dungeon Overview and Level Annotations

Branches:
Dungeon (4/15)
 Temple: D:4-7

Altars:

Annotations:
D:3 Grinder


Innate Abilities, Weirdness & Mutations

You are partially covered in yellow scales. (AC +2)
Your demonic aura sometimes causes spilled blood to erupt in flames


Message History

You feel less wooden.
Your +0 robe unmelds from your body.
Your resistance to elements expires.
Grinder barely misses you.
You riposte.
You hit Grinder.
Grinder is lightly wounded.
It was a potion of heal wounds.
You feel much better. Grinder hits you.
You writhe in agony.
Okay, then.
Okay, then.
Okay, then.
You closely miss Grinder.
Grinder is lightly wounded.
Grinder hits you.
You writhe in agony.
You hit Grinder.
Grinder is lightly wounded.
Grinder hits you but does no damage.
You hit Grinder.
Grinder is lightly wounded.
Grinder hits you but does no damage.
You closely miss Grinder.
Grinder is lightly wounded.
Grinder hits you but does no damage.
You closely miss Grinder.
Grinder is lightly wounded.
Grinder gestures at you.
You suddenly lose the ability to move!
Grinder hits you but does no damage. Grinder hits you.
You writhe in agony.
You can move again.
You closely miss Grinder.
Grinder is lightly wounded.
Grinder hits you! Grinder gestures at you. Pain shoots through your body!
* * * LOW HITPOINT WARNING * * *
Unknown command.
You hit Grinder but do no damage.
Grinder is lightly wounded.
Grinder hits you!
You die...

#### ########...##
########....@......##
.####........####5......#
.......####..##.........#
.####..####..##.#.......#
. #....................##
.##.#..####.#######...##
.##.#.(..(..# #.##
.......###### .. .....###
.#.


You could see Grinder.

Vanquished Creatures
  Jessica (D:2)
  3 adders
  An ooze (D:2)
  A worm (D:2)
  2 dart slugs
  A leopard gecko (D:2)
  2 giant cockroaches
  9 goblins
  2 hobgoblins (D:2)
  4 jackals
  A quokka (D:2)
  4 bats
  4 frilled lizards
  4 kobolds
  10 rats
49 creatures vanquished.

Notes
Turn   | Place    | Note
-------+----------+-------------------------------------------
     0 | D:1      | rageheart7 the Demonspawn Monk began the quest for the Orb.
     0 | D:1      | Reached XP level 1. HP: 18/18 MP: 1/1
   534 | D:1      | Gained mutation: Your demonic aura sometimes causes spilled
                  | blood to erupt in flames [demonic ancestry]
   534 | D:1      | Reached XP level 2. HP: 12/24 MP: 2/2
  1888 | D:2      | Gained mutation: You are partially covered in yellow
                  | scales. (AC +2) [demonic ancestry]
  1888 | D:2      | Reached XP level 3. HP: 27/29 MP: 3/3
  2026 | D:2      | Noticed Jessica
  2044 | D:2      | Killed Jessica
  2048 | D:2      | Identified Jessica's Guide on Orientation
  2212 | D:2      | Reached XP level 4. HP: 27/37 MP: 4/4
  2403 | D:2      | Reached skill level 4 in Fighting
  2510 | D:2      | You fall into a shaft and drop 2 floors!
  3210 | D:3      | Noticed Grinder
  3221 | D:3      | Paralysed by Grinder for 2 turns
  3228 | D:3      | Paralysed by Grinder for 2 turns
  3246 | D:3      | Paralysed by Grinder for 3 turns
  3250 | D:3      | Slain by Grinder

Illustrated notes

Levels and vault maps discovered:
D:1:      dpeg_arrival_subterranean_lakeside_camping, layout_basic,
          grunt_decor_fettered, st_stairs_13
D:2:      layout_loops_ring, kennysheep_jessica_study
D:3:      layout_loops_cross, kiku_gazebo_pond_becter, uniq_grinder
D:4:      layout_rooms, serial_corexii_hall, corexii_hall_statues_l,
          chequers_hall_statues_y, serial_bayou_crossing, uniq_duvessa

Skill      XL: |  1  2  3  4 |
---------------+-------------+-----
Long Blades    | 3 |  3.0
Dodging        | 3 |  3.6
Stealth        | 2 |  2.0
Fighting       | 4 |  4.3

Action                   |  1- 3 |  4- 6 || total
-------------------------+-------+-------++-------
Melee: Falchion          |   108 |    83 ||   191
  Use: Potion            |       |     5 ||     5
 Stab: Sleeping          |     4 |       ||     4
Armor: Robe              |    11 |    24 ||    35
       Skin              |       |     8 ||     8
Dodge: Dodged            |    64 |    62 ||   126
       Rpst.: Falchion   |    22 |    23 ||    45

Table legend: (Time is in decaauts)
 A = Elapsed time spent in this place.
 B = Non-inter-level travel time spent in this place.
 C = Inter-level travel time spent in this place.
 D = Time resting spent in this place.
 E = Time spent auto-exploring this place.
 F = Levels seen in this place.
 G = Mean time per level.
                   A        B        C        D        E       F      G
               +--------+--------+--------+--------+--------+-----+--------+
         Total |   3278 |   3237 |     41 |    424 |   2393 |   4 |  819.5 |
       Dungeon |   3278 |   3237 |     41 |    424 |   2393 |   4 |  819.5 |
               +--------+--------+--------+--------+--------+-----+--------+

Top non-repeatable levels by time:
     D:1: 1581 daAuts
     D:2: 1412 daAuts
     D:3: 277 daAuts
     D:4: 7 daAuts
